Map: New Gettysburg LE

Players

Elazer

  • Race: Zerg Zerg

iAsonu - Winner!

  • Race: Zerg Zerg

Event: 2016 WCS Summer Circuit Championship (DH Montreal)

VOD

Have the link to the VOD?

Description

Time

  • Played on: Aug. 12, 2016, 8:43 p.m.
  • Length: 9:56

All games in this series

Show
View Real Time Build Order
Export as new Build Order

Elazer Zerg 

Build Orders: Hatch First, Muta Ling Bane 

Get SALT Encoding   

  12  0:00  Drone  
  13  0:13  Overlord  
  13  0:18  Drone  
  14  0:31  Drone x2  
  14  0:35  Drone  
  17  0:52  Hatchery  
  17  0:55  Drone  
  17  0:58  Drone  
  18  1:09  Extractor  
  17  1:13  Spawning Pool  
  17  1:16  Drone  
  17  1:20  Drone  
  18  1:28  Drone  
  19  1:39  Overlord  
  19  1:51  Drone  
  20  2:00  Queen  
  22  2:01  Drone  
  22  2:04  Queen, Zergling x2  
  26  2:09  Metabolic Boost  
  26  2:13  Drone  
  26  2:15  Drone  
  28  2:23  Zergling x2  
  28  2:25  Drone  
  28  2:29  Baneling Nest  
  29  2:33  Drone  
  30  2:37  Drone  
  30  2:40  Queen  
  33  2:45  Overlord  
  33  2:48  Drone  
  34  2:58  Drone x2  
  36  3:10  Zergling x4  
  36  3:11  Zergling x6  
  41  3:14  Baneling x2  
  41  3:15  Zergling x6  
  41  3:19  Baneling x2  
  44  3:24  Extractor, Overlord  
  44  3:26  Drone  
  44  3:44  Drone x2  
  44  3:45  Drone x2  
  47  3:49  Drone x2  
  47  3:50  Drone  
  44  4:05  Drone  
  44  4:07  Lair  
  44  4:09  Drone x2  
  45  4:10  Drone, Extractor  
  45  4:11  Zergling x2  
  45  4:15  Queen  
  47  4:18  Zergling x2  
  47  4:20  Spine Crawler  
  47  4:22  Zergling x2  
  48  4:24  Zergling x2  
  49  4:37  Drone x2  
  51  4:44  Drone  
  52  4:45  Extractor  
  52  4:46  Drone  
  52  4:47  Overlord  
  52  4:52  Hatchery  
  51  4:53  Overlord  
  51  4:59  Drone  
  52  5:02  Overlord  
  52  5:06  Spire  
  52  5:07  Drone x2  
  52  5:12  Drone  
  52  5:13  Drone  
  55  5:19  Overlord  
  54  5:31  Drone x3  
  54  5:33  Zergling x8  
  54  5:34  Evolution Chamber  
  60  5:36  Spine Crawler  
  60  5:38  Baneling x2  
  59  5:45  Overlord  
  59  5:51  Drone  
  59  5:52  Drone x6  
  66  6:00  Drone  
  66  6:03  Zerg Melee Weapons Level 1, Overlord  
  67  6:12  Extractor  
  67  6:15  Extractor  
  67  6:17  Mutalisk x3  
  67  6:18  Mutalisk x3  
  77  6:20  Mutalisk  
  77  6:23  Mutalisk  
  81  6:26  Mutalisk  
  81  6:31  Mutalisk  
  85  6:35  Overlord  
  85  6:40  Mutalisk  
  85  6:42  Drone x4  
  85  6:43  Drone  
  92  6:49  Drone x3  
  95  6:56  Overlord  
  95  6:57  Mutalisk x2  
  95  7:00  Mutalisk  
  101  7:05  Drone  
  101  7:06  Drone x2  
  101  7:07  Drone  
  101  7:08  Drone  
  106  7:13  Mutalisk x2  
  110  7:21  Centrifical Hooks  
  110  7:22  Overlord  
  110  7:24  Zergling x6  
  110  7:28  Mutalisk  
  114  7:30  Zergling x2  
  114  7:31  Zergling x4  
  117  7:40  Overlord  
  117  7:41  Zergling x6  
  117  7:42  Baneling  
  117  7:43  Baneling x8  
  120  7:44  Baneling x2  
  120  7:46  Zergling x2  
  120  7:49  Zergling x8  
  125  7:52  Baneling x4  
  125  7:53  Baneling x2  
  125  7:58  Zergling x8  
  129  8:01  Baneling  
  129  8:02  Baneling x5  
  129  8:03  Zergling x4  
  129  8:04  Zergling x2  
  132  8:12  Overlord  
  132  8:21  Mutalisk  
  132  8:22  Baneling  
  132  8:23  Baneling x2  
  132  8:24  Zergling x2  
  135  8:27  Hatchery  
  135  8:32  Baneling x4  
  135  8:34  Zergling x10  
  97  8:49  Zergling x18  
  97  8:54  Mutalisk  
  97  8:55  Mutalisk x3  
  86  9:04  Mutalisk  
  86  9:07  Zergling x2  
  80  9:14  Mutalisk x2  
  75  9:17  Zergling x4  
  74  9:26  Mutalisk  
  74  9:27  Zergling x8  
  80  9:35  Zergling x4  
Show
View Real Time Build Order
Export as new Build Order

iAsonu Zerg - Winner!

Build Orders: Hatch First 

Get SALT Encoding   

  12  0:01  Drone  
  13  0:13  Overlord  
  13  0:18  Drone  
  14  0:31  Drone  
  14  0:33  Drone  
  16  0:36  Drone  
  17  0:53  Hatchery  
  17  0:56  Drone  
  17  0:58  Drone  
  17  1:01  Extractor  
  17  1:14  Spawning Pool  
  16  1:19  Drone  
  16  1:21  Drone  
  18  1:29  Drone  
  19  1:41  Overlord  
  19  1:53  Drone  
  20  2:01  Queen  
  20  2:02  Metabolic Boost  
  20  2:03  Drone  
  20  2:04  Drone  
  24  2:09  Queen  
  24  2:13  Drone  
  27  2:19  Zergling x2  
  28  2:32  Hatchery  
  28  2:35  Drone  
  28  2:37  Drone  
  28  2:39  Drone  
  30  2:45  Drone  
  30  2:46  Overlord  
  31  2:55  Baneling Nest  
  31  2:57  Drone  
  31  3:00  Zergling x2  
  32  3:06  Drone  
  32  3:07  Drone  
  32  3:09  Drone x2  
  36  3:13  Drone x2  
  36  3:19  Queen  
  40  3:21  Zergling x2  
  40  3:23  Drone  
  40  3:25  Drone  
  43  3:27  Drone  
  43  3:32  Overlord  
  44  3:38  Baneling x3  
  43  3:44  Overlord  
  43  3:45  Baneling  
  43  3:47  Baneling  
  43  3:48  Zergling x4  
  44  3:49  Zergling x2  
  44  3:52  Queen  
  44  3:54  Zergling x2  
  44  3:59  Zergling x2  
  44  4:00  Drone  
  44  4:03  Drone  
  44  4:05  Drone x2  
  44  4:08  Drone x2  
  48  4:11  Drone  
  48  4:14  Drone  
  50  4:18  Drone  
  50  4:21  Evolution Chamber  
  49  4:27  Drone  
  49  4:28  Lair  
  49  4:31  Extractor, Drone  
  49  4:32  Extractor  
  49  4:34  Drone  
  49  4:35  Drone  
  49  4:36  Drone  
  51  4:38  Drone  
  51  4:41  Drone x3  
  51  4:42  Drone  
  51  4:44  Queen  
  58  4:48  Drone  
  58  4:51  Zerg Missile Weapons Level 1  
  59  4:54  Drone, Roach Warren  
  59  4:55  Drone  
  59  4:56  Drone  
  61  5:02  Baneling  
  61  5:03  Overlord  
  61  5:04  Drone  
  62  5:07  Drone  
  62  5:10  Drone x2  
  62  5:11  Overlord  
  65  5:15  Overlord  
  65  5:16  Drone  
  65  5:20  Overlord  
  66  5:24  Overlord  
  66  5:30  Overseer  
  66  5:32  Drone  
  66  5:33  Drone  
  66  5:34  Extractor  
  67  5:36  Extractor  
  67  5:38  Drone x2  
  67  5:39  Drone, Glial Reconstitution  
  67  5:40  Drone x2, Hydralisk Den  
  67  5:41  Drone x3  
  73  5:44  Roach x3  
  79  5:53  Roach  
  79  5:54  Roach  
  79  5:55  Roach  
  85  5:57  Roach  
  85  6:00  Overlord  
  87  6:07  Overlord  
  87  6:14  Overlord  
  87  6:15  Extractor  
  87  6:17  Hydralisk x4  
  94  6:21  Hydralisk  
  96  6:29  Hydralisk x2, Spore Crawler  
  99  6:34  Queen  
  99  6:37  Overlord  
  99  6:39  Muscular Augments  
  101  6:41  Hydralisk  
  101  6:44  Queen  
  101  6:45  Queen  
  107  6:47  Overlord  
  107  6:52  Hydralisk  
  107  6:53  Hydralisk x3  
  115  7:01  Overlord  
  115  7:02  Hydralisk x2  
  115  7:07  Spore Crawler  
  116  7:16  Hydralisk x4  
  116  7:22  Zerg Missile Weapons Level 2  
  124  7:23  Overlord  
  124  7:25  Queen  
  124  7:29  Hydralisk x2  
  128  7:33  Overlord  
  128  7:35  Roach  
  128  7:36  Roach x3  
  138  7:37  Baneling x2  
  138  7:38  Overlord  
  138  7:41  Spore Crawler  
  138  7:44  Roach x4  
  144  7:51  Overlord  
  144  7:54  Roach x4  
  152  8:00  Roach x3  
  152  8:01  Roach  
  160  8:11  Roach  
  160  8:12  Roach x2  
  166  8:17  Roach  
  166  8:18  Overlord  
  168  8:22  Overlord  
  168  8:26  Baneling  
  168  8:30  Overlord  
  168  8:41  Roach x7  
  163  8:47  Hydralisk x3  
  163  8:48  Hydralisk x3  
  143  8:55  Roach x3  
  139  9:02  Hydralisk  
  133  9:03  Hydralisk  
  133  9:15  Hydralisk  
  133  9:16  Hydralisk x2  
  133  9:26  Hydralisk x3  
  137  9:33  Hatchery  
Tags
 
Add a new tag
Caveats
  • Supply blocks, unpowered buildings, or Contaminate may cause inaccurate times.
  • Supply counts are checked every 10 seconds.